 Dungeon Crawl Stone Soup version 0.30.0-20-g3615ddf2f0 (webtiles) character file.

Game seed: 17302662648265093575

153 qw the Chopper (level 5, -1/32 HPs)
             Began as a Gargoyle Fighter on May 29, 2023.
             Slain by a bullfrog (4 damage)
             ... on level 3 of the Dungeon.
             The game lasted 00:00:53 (1671 turns).

qw the Chopper (Gargoyle Fighter)                   Turns: 1671, Time: 00:00:54

Health: -1/32      AC: 12    Str: 22    XL:     5   Next: 35%
Magic:  5/5        EV:  9    Int:  8    God:
Gold:   83         SH:  4    Dex:  9    Spells: 4/4 levels left

rFire   . . .        Y - +0 war axe
rCold   . . .        c - +0 buckler
rNeg    + . .        b - +0 scale mail
rPois   inf          (no helmet)
rElec   +            (no cloak)
rCorr   .            (no gloves)
SInv    .            g - +0 pair of boots
Will    .....        (no amulet) Stlth
                     (no ring)
HPRegen 0.25/turn    (no ring)
MPRegen 0.09/turn

%: no passive effects
@: about to teleport
A: sickness immunity, AC +4, negative energy resistance 1, electricity
resistance, torment resistance 1, petrification resistance
a: no special abilities


You were on level 3 of the Dungeon.
You visited 1 branch of the dungeon, and saw 3 of its levels.

You collected 83 gold pieces.


Innate Abilities, Weirdness & Mutations

You are immune to sickness and miasma.
Your stone body is resilient. (AC +4)
You are immune to poison.
You resist negative energy. (rN+)
You are resistant to electric shocks. (rElec)
You are resistant to unholy torment.
You are immune to petrification.


   Skills:
 - Level 3.2 Fighting
 + Level 4.9 Axes
 - Level 3.2 Armour
 - Level 3.2 Shields


You had 4 spell levels left.
You didn't know any spells.
Your spell library was empty.

Inventory:

Hand Weapons
 a - a +0 whip
 Y - a +0 war axe (weapon)
Armour
 b - a +0 scale mail (worn)
 c - a +0 buckler (worn)
 g - a +0 pair of boots (worn)
Scrolls
 f - a scroll of teleportation
 j - a scroll of identify
Potions
 d - a potion of might
 h - 2 potions of lignification
 i - a potion of curing
 l - a potion of mutation {unknown}
 m - a potion of brilliance {unknown}

Dungeon Overview and Level Annotations

Branches:
Dungeon (3/15)

Altars:
Trog

Shops:
D:1 ?


Message History

You hit the bullfrog. The bullfrog closely misses you.
The phantom hits you but does no damage.
The bullfrog completely misses you. The phantom barely misses you.
You slash the phantom!
The phantom is almost destroyed.
You closely miss the bullfrog. You block the bullfrog's attack.
The bullfrog hits you but does no damage.
The phantom hits you but does no damage.
You closely miss the phantom.
The phantom is almost destroyed.
You hit the bullfrog. The bullfrog closely misses you. The phantom hits you.
The bullfrog snags a nearby spider with its tongue.
The bullfrog hits you.
You slash the phantom!
You destroy the phantom!
You closely miss the bullfrog. The bullfrog closely misses you.
The bullfrog hits you but does no damage.
You have reached level 5!
You closely miss the bullfrog.
The bullfrog is heavily wounded.
The bullfrog hits you but does no damage. x2
You closely miss the bullfrog.
The bullfrog is heavily wounded.
The bullfrog barely misses you. You block the bullfrog's attack.
You closely miss the bullfrog.
The bullfrog is heavily wounded.
The bullfrog hits you! The bullfrog closely misses you.
1670 ||| READING 2 scrolls of teleportation.
As you read the scroll of teleportation, it crumbles to dust.
You feel strangely unstable.
The bullfrog hits you but does no damage.
The bullfrog hits you.
You barely miss the bullfrog.
The bullfrog is heavily wounded.
The bullfrog hits you.
You die...

........... ###+####
....#####...... #......##
.......##...... #........
........#......#+#.%......
........#..?..............
........#..............[..
........'.................
####....#........F######.}
#....##...(..@.# ~
#....#######...# #....#
#.^.# #....# #...# #....#
#..<# #####


You could see a bullfrog.

Vanquished Creatures
  A phantom (D:3)
  3 adders (D:2)
  A dart slug (D:2)
  6 ball pythons
  An endoplasm (D:1)
  2 giant cockroaches (D:2)
  5 goblins
  3 hobgoblins
  8 jackals (D:1)
  8 kobolds
  2 quokkas
  3 bats
  4 rats
47 creatures vanquished.

Notes
Turn   | Place    | Note
-------+----------+-------------------------------------------
     0 | D:1      | qw the Gargoyle Fighter began the quest for the Orb.
     0 | D:1      | Reached XP level 1. HP: 14/14 MP: 1/1
     0 | D:1      | 0 ||| qw: Version: 0.2-a-101-gf424e7f
     0 | D:1      | 0 ||| qw: Game counter: 291
     0 | D:1      | 0 ||| qw: Always use a shield: true
     0 | D:1      | 0 ||| qw: God list: Okawaru
     0 | D:1      | 0 ||| qw: Allow faded altars: false
     0 | D:1      | 0 ||| qw: Do Orc after D:15 true
     0 | D:1      | 0 ||| qw: Do second Lair branch before Depths: true
     0 | D:1      | 0 ||| qw: Lair rune preference: random
     0 | D:1      | 0 ||| qw: Plans: Normal, Zot:1-4, Slime:5, God:TSO, Crypt,
                  | Tomb, Pan, Hells, Abyss, Win
     0 | D:1      | 0 ||| PLANNING D:1-11
    35 | D:1      | 35 ||| Stepping ~*~*~tactically~*~*~ (stealth).
    44 | D:1      | Reached skill level 2 in Axes
    97 | D:1      | Reached XP level 2. HP: 15/19 MP: 2/2
   248 | D:1      | 248 ||| Stepping ~*~*~tactically~*~*~ (stealth).
   253 | D:1      | 253 ||| Stepping ~*~*~tactically~*~*~ (stealth).
   273 | D:1      | 273 ||| Stepping ~*~*~tactically~*~*~ (stealth).
   336 | D:1      | Found The Oracle's Delphic Readings.
   341 | D:1      | 341 ||| SHOPLISTING scroll of enchant weapon (82 gold, have
                  | 48).
   351 | D:1      | Reached skill level 3 in Axes
   354 | D:1      | Reached XP level 3. HP: 23/23 MP: 3/3
   483 | D:1      | 483 ||| Stepping ~*~*~tactically~*~*~ (hiding).
   784 | D:1      | 784 ||| READING scroll labelled LIGURE IWEUCW.
   789 | D:1      | 789 ||| READING scroll labelled GED ISOTRIULE.
   790 | D:1      | 790 ||| READING 4 scrolls labelled JYNGEEP CILUM.
   791 | D:1      | 791 ||| READING 3 scrolls of identify.
   791 | D:1      | 791 ||| IDENTIFYING bubbling red potion
   792 | D:1      | 792 ||| READING 2 scrolls of identify.
   792 | D:1      | 792 ||| IDENTIFYING bubbling pink potion
   793 | D:1      | 793 ||| DROPPING potion of flight.
   947 | D:2      | 947 ||| Stepping ~*~*~tactically~*~*~ (stealth).
  1110 | D:2      | Found a faded altar of an unknown god.
  1113 | D:2      | Reached XP level 4. HP: 28/28 MP: 4/4
  1201 | D:2      | Reached skill level 4 in Axes
  1336 | D:2      | Found a bloodstained altar of Trog.
  1485 | D:2      | 1485 ||| UPGRADING to +0 pair of boots.
  1490 | D:2      | 1490 ||| READING scroll labelled TESAUFRE VURU.
  1491 | D:2      | 1491 ||| DRINKING 2 viscous pink potions.
  1492 | D:2      | 1492 ||| READING 2 scrolls of identify.
  1492 | D:2      | 1492 ||| IDENTIFYING puce potion
  1493 | D:2      | 1493 ||| DROPPING potion of magic.
  1505 | D:3      | 1505 ||| Stepping ~*~*~tactically~*~*~ (hiding).
  1506 | D:3      | 1506 ||| Stepping ~*~*~tactically~*~*~ (hiding).
  1613 | D:3      | 1613 ||| DROPPING +0 club.
  1653 | D:3      | Noticed a bullfrog
  1653 | D:3      | Noticed a phantom
  1666 | D:3      | Killed a phantom
  1667 | D:3      | Reached XP level 5. HP: 11/32 MP: 5/5
  1669 | D:3      | HP: 5/32 [bullfrog (7)]
  1670 | D:3      | 1670 ||| READING 2 scrolls of teleportation.
  1671 | D:3      | Slain by a bullfrog

Levels and vault maps discovered:
D:1:      lemuel_arrival_funnel, layout_basic, nicolae_nh_oracle_at_delphi
D:2:      layout_basic, basic_altar, shapermc_ecumenical_altar_gd
D:3:      layout_basic, nicolae_overflow_hidden_temple, serial_shops,
          nicolae_shop_hallway_plus, minmay_fractal_squares_gapless_5

Skill      XL: |  1  2  3  4 |
---------------+-------------+-----
Axes           | 2 3 4 |  4.9
Fighting       | |  3.2
Armour         | |  3.2
Shields        | |  3.2

Action                     |  1- 3 |  4- 6 || total
---------------------------+-------+-------++-------
  Melee: War axe           |   103 |    45 ||   148
    Use: Scroll            |     5 |     3 ||     8
         Potion            |       |     1 ||     1
 Armour: Scale mail        |    56 |    31 ||    87
  Dodge: Dodged            |    57 |    25 ||    82
  Block: Buckler           |    20 |     6 ||    26

Table legend:
 A = Non-vault XP
 B = Vault XP
 C = Vault XP percentage of total XP
 D = Non-vault monster count
 E = Vault monster count
 F = Vault count percentage of total count
                 A         B        C        D         E       F
            +---------+---------+-------+---------+---------+-------
      Total |     217 |       2 |   0.9 |      45 |       2 |   4.3
            +---------+---------+-------+---------+---------+-------
        D:1 |      44 |       2 |   4.3 |      26 |       2 |   7.1
        D:2 |      62 |       0 |   0.0 |      14 |       0 |   0.0
        D:3 |     111 |       0 |   0.0 |       5 |       0 |   0.0
            +---------+---------+-------+---------+---------+-------
